 Dungeon Crawl Stone Soup version 0.27.1-4-g1640c2035a (webtiles) character file.

Game seed: 9196288980417398666

149 Findor the Firebug (level 5, 0/31 HPs)
             Began as an Octopode Fire Elementalist on Nov 18, 2021.
             Was an Initiate of Vehumet.
             Slain by an orc (2 damage)
             ... on level 3 of the Dungeon.
             The game lasted 00:03:51 (2683 turns).

Findor the Firebug (Octopode Fire Elementalist)     Turns: 2683, Time: 00:03:51

Health: 0/31       AC:  1    Str:  7    XL:     5   Next: 31%
Magic:  5/9        EV: 13    Int: 19    God:    Vehumet [......]
Gold:   53         SH:  0    Dex: 12    Spells: 9/10 levels left

rFire    . . .     SeeInvis .   b - +0 short sword
rCold    . . .     Faith    .   (no shield)
rNeg     . . .     Spirit   .   (helmet restricted)
rPois    .         Reflect  .   (no amulet)
rElec    .         Harm     .   (no ring)
rCorr    .         Rampage  .   (no ring)
Will     .....                  (no ring)
Stlth    +++.......             (no ring)
HPRegen  0.10/turn              (no ring)
MPRegen  0.11/turn              (no ring)
                                (no ring)
                                (no ring)

@: no status effects
A: almost no armour, amphibious, 8 rings, camouflage 1, gelatinous body 1,
(nimble swimmer 1), tentacles
a: Renounce Religion


You were on level 3 of the Dungeon.
You worshipped Vehumet.
Vehumet was noncommittal.
You visited 1 branch of the dungeon, and saw 3 of its levels.

You collected 53 gold pieces.


Innate Abilities, Weirdness & Mutations

You cannot wear most types of armour.
You are amphibious.
You can wear up to eight rings at the same time.
Your skin changes colour to match your surroundings (Stealth+).
Your rubbery body absorbs attacks. (AC +1, EV +1)
((You are camouflaged near water. (Stealth+)))
You have tentacles for arms and can constrict up to eight enemies at once.


   Skills:
 - Level 2.0 Dodging
 - Level 2.6 Stealth
 + Level 3.0 Spellcasting
 + Level 2.5 Conjurations
 * Level 4.6 Fire Magic


You had 9 spell levels left.
You knew the following spells:

 Your Spells              Type           Power      Damage    Failure   Level
a - Foxfire               Conj/Fire      64%        2x1d7     3%          1

Your spell library contained the following spells:

 Spells                   Type           Power      Damage    Failure   Level
 Conjure Flame            Conj/Fire      16%        6-21      11%         3
 Inner Flame              Hex/Fire       11%        N/A       19%         3
 Sticky Flame             Conj/Fire      16%        2d4       34%         4
 Fireball                 Conj/Fire      8%         3d6       69%         5

Inventory:

Hand Weapons
 b - a +0 short sword (weapon)
   (You took it off a kobold on level 1 of the Dungeon)
 k - a +0 rapier
   (You took it off a kobold on level 2 of the Dungeon)
Missiles
 d - 15 poisoned darts (quivered)
 f - a throwing net {!f}
 m - 8 atropa-tipped darts
Armour
 l - a +2 kite shield
   (You found it on level 2 of the Dungeon)
Magical Staves
 h - a staff of earth
   (You found it on level 2 of the Dungeon)
Wands
 u - a wand of paralysis (9)
   (You found it on level 3 of the Dungeon)
Scrolls
 a - a scroll of vulnerability {unknown}
 c - 2 scrolls of teleportation {unknown}
 e - 2 scrolls of identify {unknown}
 g - a scroll of blinking {unknown}
 j - 4 scrolls of enchant armour {unknown}
 n - a scroll of summoning {unknown}
 p - a scroll of amnesia {unknown}
Potions
 i - a potion of flight {unknown}
 o - a potion of cancellation


Message History

You kill the frilled lizard!
Vehumet accepts your kill.
The foxfire hits the kobold!
You kill the kobold!
Vehumet accepts your kill.
You start resting.
Your magical contamination has completely faded away.
u - a wand of paralysis (9) 2 orcs come into view.
The orc shouts! x2; You hear an angry hiss.
An orc comes into view. It is wielding a +0 whip.
There are monsters nearby!
A hobgoblin comes into view.
A hound comes into view.
The hound moves out of view.
Casting: Foxfire (safe; 3% risk of failure)
You conjure some foxfire!
The foxfire hits the hound but does no damage.
The foxfire hits the orc.
Casting: Foxfire (safe; 3% risk of failure)
You conjure some foxfire!
The foxfire hits the hound.
The foxfire hits the orc.
The hound closely misses you.
Casting: Foxfire (safe; 3% risk of failure)
You conjure some foxfire!
The hound misses you.
The foxfire hits the hound. x2; The hound misses you.
The hound closely misses you.
Casting: Foxfire (safe; 3% risk of failure)
You conjure some foxfire!
The hound bites you. The orc hits you with a +0 hand axe.
The orc hits your foxfire with a +0 hand axe.
The foxfire hits the hound. x2; The hound bites you.
The orc hits you but does no damage. The hound closely misses you.
The orc misses you.
Casting: Foxfire (safe; 3% risk of failure)
You conjure some foxfire!
The orc hits you with a +0 dagger. The hound closely misses you.
The orc hits you with a +0 hand axe.
* * * LOW HITPOINT WARNING * * *
The orc hits your foxfire with a +0 hand axe.
The foxfire hits the hound. x2
You kill the hound!
Vehumet accepts your kill. The orc hits you with a +0 dagger.
* * * LOW HITPOINT WARNING * * *
The orc hits you with a +0 hand axe!
* * * LOW HITPOINT WARNING * * *
Your Spellcasting skill increases to level 3!
Okay, then.
The orc hits you with a +0 dagger.
You die...

..†..# #............. ....#
#.#...##.#.... ....#
#........#.... ....###########
##.####...#....
..............#####..###..#.#....
.........####o.÷.........<.......
........####.†...........#.......
...#...## #....oo.)..............
.###.######.....@................
.# #.###.........................
.# #..##...................†.....
. ##.##................)......##
#..........................# #
####....#.....#............# ##
##....##.#######.........#
.######......#.# #.........#
..'.##.....#...# #.........#


You could see 3 orcs.

Vanquished Creatures
  A crimson imp (D:3)
  A hound (D:3)
  Jessica (D:3)
  2 adders (D:2)
  A worm (D:2)
  6 bats
  2 endoplasms (D:1)
  3 giant cockroaches
  4 goblins
  2 hobgoblins
  A quokka (D:1)
  6 ball pythons
  5 frilled lizards
  4 kobolds
  2 rats
41 creatures vanquished.

Vanquished Creatures (others)
  82 foxfires
82 creatures vanquished.

Grand Total: 123 creatures vanquished

Notes
Turn   | Place    | Note
-------+----------+-------------------------------------------
     0 | D:1      | Findor the Octopode Fire Elementalist began the quest for
                  | the Orb.
     0 | D:1      | Reached XP level 1. HP: 11/11 MP: 3/3
   186 | D:1      | Reached XP level 2. HP: 5/17 MP: 0/5
  1286 | D:2      | Reached XP level 3. HP: 21/21 MP: 3/6
  2367 | D:3      | Noticed Jessica
  2373 | D:3      | Killed Jessica
  2374 | D:3      | Reached skill level 4 in Fire Magic
  2374 | D:3      | Reached XP level 4. HP: 27/27 MP: 3/8
  2460 | D:3      | Found a burning altar of Makhleb.
  2461 | D:3      | Found a radiant altar of Vehumet.
  2477 | D:3      | Became a worshipper of Vehumet
  2493 | D:3      | Reached XP level 5. HP: 20/31 MP: 9/9
  2680 | D:3      | HP: 2/31 [orc (7)]
  2681 | D:3      | Reached skill level 3 in Spellcasting
  2683 | D:3      | Slain by an orc

Levels and vault maps discovered:
D:1:      ncdulo_halloftheorcs, layout_basic
D:2:      wander_river, layout_loops_ring
D:3:      layout_rooms, grunt_temple_overflow_lords_of_destruction,
          shapermc_ecumenical_altar_flowoftime, uniq_crazy_yiuf_cottage,
          uniq_jessica

Action                   |  1- 3 |  4- 6 || total
-------------------------+-------+-------++-------
Melee: Short sword       |    13 |    12 ||    25
       Tentacles         |     2 |       ||     2
       Constrict         |     2 |     1 ||     3
Throw: Dart              |       |    11 ||    11
 Cast: Foxfire           |    36 |     9 ||    45
  Use: Scroll            |     1 |       ||     1
       Potion            |     3 |       ||     3
 Stab: Sleeping          |     6 |     1 ||     7
Armor: Skin              |     2 |     1 ||     3
Dodge: Dodged            |    10 |    18 ||    28
